Map: Fields of Death

Players

DaCleaner - Winner!

  • Race: Zerg Zerg
  • Spawn Location: 6:00

ghostshadow - Winner!

  • Race: Terran Terran
  • Spawn Location: 7:00

VOD

Have the link to the VOD?

Description

About to lose. Teammate left. Used his resources. Won the game.

Time

  • Played on: Aug. 30, 2022, 7:56 p.m.
  • Length: 30:20
Show
View Real Time Build Order
Export as new Build Order

DaCleaner Zerg - Winner!

Build Orders:  

Get SALT Encoding   

  12  0:16  Drone x2  
  14  0:28  Overlord  
  14  0:56  Spawning Pool  
  13  1:11  Drone x3  
  16  1:29  Drone  
  17  1:34  Extractor  
  16  1:41  Drone  
  17  1:58  Drone  
  18  2:11  Queen  
  18  2:18  Drone  
  21  2:25  Hatchery  
  21  2:27  Overlord  
  20  2:41  Drone  
  21  2:56  Drone  
  22  3:05  Queen  
  24  3:11  Drone  
  25  3:29  Roach Warren  
  24  3:31  Drone  
  24  3:32  Extractor  
  24  4:11  Drone  
  24  4:13  Drone  
  24  4:14  Drone x3  
  29  4:32  Drone  
  29  4:33  Drone x4  
  34  4:59  Zergling x2  
  35  5:02  Zergling x2  
  35  5:05  Overlord  
  35  5:06  Overlord  
  36  5:37  Drone  
  36  5:38  Drone  
  38  5:44  Extractor  
  38  5:47  Drone, Extractor  
  38  5:49  Drone x2  
  39  5:50  Drone  
  39  5:53  Drone  
  39  5:55  Drone  
  42  6:01  Drone x2  
  42  6:05  Zergling x2  
  45  6:19  Queen  
  47  6:22  Hatchery  
  47  6:27  Evolution Chamber  
  47  6:28  Drone  
  46  6:30  Drone  
  46  6:32  Evolution Chamber  
  46  6:41  Drone  
  46  6:42  Drone x2  
  49  7:00  Metabolic Boost  
  49  7:04  Spine Crawler  
  49  7:06  Spine Crawler  
  49  7:08  Queen  
  49  7:22  Roach  
  49  7:24  Overlord x2  
  49  7:25  Overlord x2  
Show
View Real Time Build Order
Export as new Build Order

ghostshadow Terran - Winner!

Build Orders:  

Get SALT Encoding   

  12  0:00  SCV  
  13  0:20  Supply Depot  
  13  0:37  Refinery  
  13  0:44  SCV  
  14  1:19  Refinery  
  14  1:26  Barracks  
  14  1:35  SCV  
  15  1:52  SCV  
  16  2:07  Barracks  
  16  2:23  SCV  
  17  2:37  Barracks  
  17  2:39  Barracks Reactor  
  17  2:51  SCV  
  18  3:15  Barracks Reactor  
  18  3:24  Supply Depot  
  18  3:36  Reaper x2  
  18  3:37  SCV  
  21  3:55  Barracks Reactor  
  23  4:11  Reaper  
  23  4:12  Reaper  
  25  4:21  Reaper x2  
  25  4:39  Supply Depot  
  27  4:51  Reaper x2  
  27  4:56  Reaper x2  
  29  5:19  Reaper  
  31  5:20  Reaper  
  31  5:36  Reaper x2, Refinery  
  34  5:41  Reaper  
  34  5:46  Reaper  
  36  6:04  Reaper  
  36  6:06  Refinery  
  37  6:14  Reaper  
  37  6:25  Supply Depot  
  38  6:33  Reaper  
  38  6:37  Reaper  
  41  7:00  Reaper  
  41  7:02  Reaper  
  41  7:11  Supply Depot  
  41  7:15  Reaper  
  42  7:29  Reaper  
  43  7:33  SCV  
  45  7:44  Reaper  
  45  7:50  SCV  
  35  9:04  Reaper x3  
  35  9:05  Reaper x3, Command Center  
  35  9:32  Engineering Bay  
  35  9:49  Reaper x4  
  41  9:50  Reaper x2  
  45  10:34  Reaper x4  
  45  10:35  Reaper x2  
  39  11:28  Terran Infantry Weapons Level 1  
  37  11:46  Planetary Fortress  
  36  11:56  Reaper x2  
  36  11:57  Reaper x3  
  19  14:08  Reaper, Terran Infantry Armor Level 1  
  19  14:09  Reaper x3, SCV  
  24  14:10  Reaper x2  
  24  14:26  SCV  
  24  14:43  SCV  
  21  15:00  SCV  
  20  15:17  SCV  
  17  15:55  Reaper x3  
  17  15:56  Reaper x3  
  17  15:58  Factory  
  22  16:40  Reaper x3  
  22  16:41  Reaper x2  
  19  16:56  Factory  
  20  17:11  Reaper  
  20  17:16  Command Center  
  20  17:23  SCV  
  20  17:25  Reaper  
  26  17:40  SCV  
  25  17:55  Reaper x3  
  25  17:56  Reaper x2  
  25  17:57  SCV  
  26  18:10  Reaper  
  26  18:14  SCV  
  27  18:30  SCV  
  30  18:40  Reaper x2  
  30  19:15  Reaper  
  30  19:16  Reaper x3  
  33  19:25  Reaper x2  
  35  19:40  Armory  
  35  19:41  Factory Tech Lab  
  39  20:00  Reaper  
  39  20:01  Reaper x3  
  38  20:42  Reaper x2  
  28  21:27  Planetary Fortress  
  28  21:29  Reaper  
  34  21:30  Reaper x3  
  34  21:31  Reaper x2  
  34  21:36  Siege Tank  
  37  21:45  Terran Vehicle Weapons Level 1  
  37  21:47  Terran Infantry Weapons Level 2, Factory Reactor  
  38  22:14  Reaper  
  38  22:15  Reaper x4  
  38  22:16  Reaper  
  43  22:21  Siege Tank  
  45  23:06  Siege Tank  
  31  23:48  Reaper x2, Widow Mine x2  
  31  23:49  Reaper x4  
  37  23:51  Siege Tank  
  44  24:18  Widow Mine x2  
  54  24:33  Reaper x2  
  54  24:34  Reaper x4  
  54  24:57  Terran Infantry Armor Level 2  
  54  25:38  Reaper  
  54  25:39  Reaper  
  51  25:40  Reaper x2  
  51  25:42  Reaper x2  
  48  26:23  Reaper x2  
  48  26:25  Reaper x2  
  48  26:27  Reaper x2  
  52  26:50  Command Center  
  52  26:56  Terran Vehicle Weapons Level 2  
  52  27:08  Reaper x2  
  54  27:33  Supply Depot  
  54  28:04  Supply Depot  
  54  28:08  Reaper x4  
Tags
 
Add a new tag
Caveats
  • Supply blocks, unpowered buildings, or Contaminate may cause inaccurate times.
  • Supply counts are checked every 10 seconds.